 Dungeon Crawl Stone Soup version 0.31-a0-175-g9f7f995f2b (webtiles) character file.

Game seed: 11601875082620537331

4 Moral the Grasshopper (level 1, 19/19 HPs)
             Began as a Troll Warper on June 17, 2023.
             Was a Follower of Sif Muna.
             Got out of the dungeon alive.
             The game lasted 00:03:00 (491 turns).

Moral the Grasshopper (Troll Warper)                 Turns: 491, Time: 00:03:01

Health: 19/19      AC:  4    Str: 18    XL:     1   Next: 50%
Magic:  1/1        EV:  9    Int:  9    God:    Sif Muna [*.....]
Gold:   23         SH:  0    Dex:  9    Spells: 2/2 levels left

rFire   . .          .
                       - Unarmed
rCold   . . .        (no shield)
rNeg    . . .        a - +0 robe
rPois   .            (helmet restricted)
rElec   .            (no cloak)
rCorr   .            (gloves unavailable)
SInv    .            (boots unavailable)
Will    .....        (no amulet)
Stlth   +            (no ring)
HPRegen 1.03/turn    (no ring)
MPRegen 0.07/turn

%: no passive effects
@: no status effects
A: large, unfitting armour, claws 3, regeneration 1, shaggy fur 1, tough skin 1
a: Renounce Religion, Channel Magic


You escaped.
You worshipped Sif Muna.
Sif Muna was aware of your devotion.
You visited 1 branch of the dungeon, and saw 1 of its levels.

You collected 23 gold pieces.

Inventory:

Missiles
 c - 4 boomerangs of dispersal (quivered)
Armour
 a - a +0 robe (worn)
Scrolls
 b - a scroll of blinking
 d - a scroll of teleportation {unknown}
Potions
 e - a potion of curing {unknown}


   Skills:
 + Level 1.6 Fighting
 + Level 1.0 Throwing
 + Level 1.9 Dodging
 + Level 2.0 Unarmed Combat
 + Level 1.2 Spellcasting
 + Level 2.2 Translocations


You had 2 spell levels left.
You didn't know any spells.
Your spell library contained the following spells:

 Spells                   Type           Power      Damage    Failure   Level
 Blink                    Tloc           8%         N/A       22%         2
 Lesser Beckoning         Tloc           8%         N/A       22%         2
 Teleport Other           Tloc           4%         N/A       41%         3
 Vhi's Electric Charge    Tloc/Air       4%         N/A       56%         3
 Manifold Assault         Tloc           4%         N/A       82%         4


Dungeon Overview and Level Annotations

Branches:
Dungeon (1/15)

Altars:
Sif Muna


Innate Abilities, Weirdness & Mutations

You are too large for most types of armour.
You have claws for hands.
Your natural rate of healing is unusually fast.
You are covered in fur. (AC +1)
You have tough skin. (AC +1)


Message History

You open the door.
Found two gnoll skeletons.
There is an open door here.
You open the door.
Found 16 gold pieces.
Found a faded altar of an unknown god.
There is an open door here.
You now have 23 gold pieces (gained 16).
You completely miss the plant. You claw the plant!
The plant begins to die.
The plant is lightly damaged.
A nearby plant withers and dies.
There is a faded altar of an unknown god here.
This altar belongs to (a) Elyvilon, (b) Fedhas or (c) Sif Muna, but you can't tell which.
Press the corresponding letter to learn more about a god, or press enter to convert or escape to cancel.
Sif Muna accepts your prayer! Sif Muna welcomes you!
You can now call upon Sif Muna for magical energy.
Welcome back, Moral the Troll Warper.
Sif Muna whispers: I know many secrets...
Press ? for a list of commands and other information.
There is an open door here.
There is an open door here.
Found a scroll labelled YWIPPOUFECK.
d - a scroll labelled YWIPPOUFECK
Found a stone staircase leading down.
An endoplasm comes into view.
The endoplasm quivers.
You scratch the endoplasm.
The endoplasm is lightly wounded.
The endoplasm barely misses you.
You claw the endoplasm!
You kill the endoplasm!
Sif Muna accepts your kill.
Found a golden potion.
e - a golden potion
There is a staircase leading out of the dungeon here.
You can't go down here!
Are you sure you want to leave the Dungeon?
This will make you lose the game!
Uppercase [Y]es or [N]o only, please.
Are you sure you want to leave the Dungeon?
This will make you lose the game!
You have escaped!

#.#.##.#####.#.##
##.......#
#.#.##.###########
#.#######
#......#..[......######.#
.........#####.8.#......#
.##.#.##.#≈≈≈#...#.####.#
.##.#.##.#≈≈≈#.#.#.###.#.#
.##....#.#≈≈≈#.#.#.#...##..
.####.##.#####.#.#..### ##.
.###...#.......#@#..# .. .>
......##.#####.#.#..###.# .
####.###.#≈≈S#.#.###...#
#.###.#≈≈≈#.#.# #.#......
#...#.#≈≈≈#...# #.# #####
#.#...#####.8.# #.#
#.###.........# #.#
##.############# #.#
#......# ##### #.#


There were no monsters in sight!

Vanquished Creatures
  2 endoplasms (D:1)
  A hobgoblin (D:1)
3 creatures vanquished.

Notes
Turn   | Place    | Note
-------+----------+-------------------------------------------
     0 | D:1      | Moral the Troll Warper began the quest for the Orb.
     0 | D:1      | Reached XP level 1. HP: 19/19 MP: 1/1
     6 | D:1      | Noticed an electric eel
    27 | D:1      | Noticed an electric eel
   384 | D:1      | Reached skill level 1 in Throwing
   395 | D:1      | Found a faded altar of an unknown god.
   405 | D:1      | Prayed at the altar of an unknown god.
   405 | D:1      | Became a worshipper of Sif Muna the Loreminder
   405 | D:1      | Reached * piety under Sif Muna
   491 | D:$      | Got out of the dungeon alive.

Illustrated notes

Levels and vault maps discovered:
D:1:      arrival_aquarium_b, layout_loops_cross,
          dilly_ecumenical_altar_fadedgnrine

Skill      XL: |  1 |
---------------+----+-----
Throwing       | 1 |  1.0
Fighting       | |  1.6
Dodging        | |  1.9
Unarmed Combat | |  2.0
Spellcasting   | |  1.2
Translocations | |  2.2

Action                     || total
---------------------------++-------
  Melee: Unarmed           ||     7
  Throw: Boomerang         ||     3
 Armour: Robe              ||     1
  Dodge: Dodged            ||     4

Table legend: (Time is in decaauts)
 A = Elapsed time spent in this place.
 B = Non-inter-level travel time spent in this place.
 C = Inter-level travel time spent in this place.
 D = Time resting spent in this place.
 E = Time spent auto-exploring this place.
 F = Levels seen in this place.
 G = Mean time per level.
                   A        B        C        D        E       F      G
               +--------+--------+--------+--------+--------+-----+--------+
         Total |    491 |    491 |      0 |    300 |     49 |   1 |  491.0 |
       Dungeon |    491 |    491 |      0 |    300 |     49 |   1 |  491.0 |
               +--------+--------+--------+--------+--------+-----+--------+

Top non-repeatable levels by time:
     D:1: 491 daAuts
